 Dungeon Crawl Stone Soup version 0.31.0-1-g2c135a008e (webtiles) character file.

Game seed: 15389554062175500254

212 qw the Shooter (level 6, 0/46 HPs)
             Began as a Djinni Hunter on Jan 23, 2024.
             Slain by a gnoll
             ... wielding a +0 whip
             ... led by a gnoll bouda
              (2 damage)
             ... on level 4 of the Dungeon.
             The game lasted 00:00:11 (2337 turns).

qw the Shooter (Djinni Hunter)                      Turns: 2337, Time: 00:00:12

Health: 0/46       AC:  6    Str: 10    XL:     6   Next: 13%
Gold:   196        EV: 11    Int: 11    God:
                   SH:  0    Dex: 18

rFire   + + +        a - +1 shortbow (drain)
rCold   x . .        (shield currently unavailable)
rNeg    . . .        j - +0 ring mail
rPois   inf          (no helmet)
rElec   .            e - +0 cloak
rCorr   .            (no gloves)
SInv    .            (boots unavailable)
Will    .....        (no amulet)
Stlth   +            i - ring of protection from fire
HPRegen 0.27/turn    (no ring)
MPRegen 0.00/turn

%: infuse magic (-1 HP)
@: flying
A: sickness immunity, fire resistance 2, cold vulnerability 1, float, innate
caster, HP casting, extra vitality 1
a: no special abilities


You were on level 4 of the Dungeon.
You visited 1 branch of the dungeon, and saw 4 of its levels.

You collected 196 gold pieces.


Innate Abilities, Weirdness & Mutations

You are immune to sickness and miasma.
You are immune to poison.
Your flesh is very heat resistant. (rF++)
You are vulnerable to cold. (rC-)
You float through the air rather than walking.
You learn spells naturally, not from books.
Your magical power is your life essence.
You have superior vitality. (+4 MHP)


   Skills:
 - Level 3.0 Fighting
 - Level 5.0 Ranged Weapons
 - Level 1.0 Armour
 + Level 2.9 Dodging
 - Level 0.7 Stealth


You knew the following spells:

 Your Spells              Type           Power      Damage    Failure   Level
a - Apportation           Tloc           0%         N/A       65%         1
b - Call Imp              Summ           0%         N/A       80%         2
Your spell library was empty.

Inventory:

Hand Weapons
 a - a +1 shortbow of draining (weapon)
Armour
 e - a +0 cloak (worn)
 j - a +0 ring mail (worn)
Jewellery
 i - a ring of protection from fire (left hand)
Potions
 c - a potion of resistance
 g - a potion of curing
 h - a potion of haste {unknown}
 m - a potion of berserk rage {unknown}

Dungeon Overview and Level Annotations

Branches:
Dungeon (4/15)
 Temple: D:4-7

Altars:
Cheibriados

Shops:
D:3 =


Message History

The gnoll attacks as it pursues you! The gnoll hits you but does no damage.
The gnoll hits you from afar with a +0 spear.
Enter note:
2329 ||| RETREEEEATING.
Enter note:
2330 ||| RETREEEEATING.
The gnoll attacks as it pursues you!
The gnoll hits you from afar with a +0 spear.
The gnoll bouda hits you with a +0 club.
Enter note:
2331 ||| RETREEEEATING.
You shoot an arrow. The arrow barely misses the gnoll.
The arrow hits the gnoll bouda.
The gnoll bouda is lightly wounded.
The gnoll closely misses you.
You shoot an arrow. The arrow hits the gnoll bouda.
The gnoll bouda is heavily wounded.
The gnoll hits you from afar with a +0 spear. x2
You shoot an arrow.
The arrow hits the gnoll bouda but does no damage.
You drain the gnoll bouda.
The gnoll bouda is severely wounded.
The gnoll bouda hits you with a +0 club.
The gnoll hits you but does no damage.
The gnoll bouda hits you with a +0 club.
You shoot an arrow. The arrow hits the gnoll bouda.
You kill the gnoll bouda!
The gnoll hits you from afar with a +0 spear.
You have reached level 6!
You shoot an arrow. The arrow barely misses the gnoll.
The arrow closely misses the kobold.
Your attacks no longer feel as feeble.
The gnoll hits you from afar with a +0 spear.
The gnoll closely misses you.
You shoot an arrow. The arrow barely misses the gnoll. x2
The gnoll is no longer moving quickly.
The gnoll hits you from afar with a +0 spear.
The gnoll closely misses you. The gnoll barely misses you.
The gnoll hits you with a +0 whip.
You die...

#..........#.# .....
#..#.##....#.## .....
#...<.........# ###...# ..
####.#........# #.#...# ...
...#........###.#...#....
....#....#.......#...#....
....+....#..####..........
.....#....#..####g........<
......+.........@gg.........
......####....####s.........
..>.................
#............?%......
.....####.#..........
...#..........
#####......$... #..........
#.$........


You could see a scorpion and 3 gnolls.

Vanquished Creatures
  A gnoll bouda (D:4)
  3 gnolls (D:3)
  8 adders
  A ribbon worm (D:3)
  4 orcs (D:3)
  7 ball pythons
  5 endoplasms
  4 giant cockroaches (D:1)
  4 goblins
  7 hobgoblins
  10 jackals
  7 kobolds
  5 quokkas
  A bat (D:1)
  4 frilled lizards
  6 rats
77 creatures vanquished.

Notes
Turn   | Place    | Note
-------+----------+-------------------------------------------
     0 | D:1      | qw the Djinni Hunter began the quest for the Orb.
     0 | D:1      | Reached XP level 1. HP: 18/18 MP: 0/0
     0 | D:1      | 0 ||| qw: Version: 0.3-a-132-g3d54051
     0 | D:1      | 0 ||| qw: Game counter: 585
     0 | D:1      | 0 ||| qw: Melee chars always use a shield: true
     0 | D:1      | 0 ||| qw: God list: Okawaru
     0 | D:1      | 0 ||| qw: Allow faded altars: false
     0 | D:1      | 0 ||| qw: Do Orc after clearing Dungeon:15 true
     0 | D:1      | 0 ||| qw: Do second Lair branch before Depths: true
     0 | D:1      | 0 ||| qw: Lair rune preference: random
     0 | D:1      | 0 ||| qw: Goals: Normal
     0 | D:1      | 0 ||| PLANNING D:1-11
   182 | D:1      | Reached XP level 2. HP: 23/23 MP: 0/0
   353 | D:1      | Found a faded altar of an unknown god.
   470 | D:1      | Reached skill level 4 in Ranged Weapons
   470 | D:1      | Reached XP level 3. HP: 28/28 MP: 0/0
   470 | D:1      | Learned a level 1 spell: Apportation
   948 | D:1      | 948 ||| UPGRADING to +0 ring mail.
   958 | D:1      | 958 ||| DROPPING +0 leather armour.
   959 | D:1      | 959 ||| UPGRADING to ring of protection from fire.
   960 | D:1      | 960 ||| READING scroll labelled MAOCWETAHU.
   960 | D:1      | 960 ||| ENCHANTING +0 shortbow.
   961 | D:1      | 961 ||| READING 2 scrolls labelled EJUREL DUNO.
   962 | D:1      | 962 ||| READING scroll labelled ENEYL FAURCHO.
   966 | D:1      | 966 ||| READING scroll labelled WUSITIVISU.
   966 | D:1      | 966 ||| IDENTIFYING amethyst potion
   967 | D:1      | 967 ||| READING scroll labelled VINGUNU HIMEQ.
   968 | D:1      | 968 ||| READING scroll labelled EPASHR YRHI.
   969 | D:1      | 969 ||| DROPPING scroll of butterflies.
   970 | D:1      | 970 ||| DROPPING potion of attraction.
   971 | D:1      | 971 ||| DROPPING scroll of blinking.
  1118 | D:2      | Reached skill level 1 in Armour
  1160 | D:2      | Reached XP level 4. HP: 34/34 MP: 0/0
  1186 | D:2      | Reached skill level 3 in Fighting
  1431 | D:2      | 1431 ||| UPGRADING to +0 cloak.
  1436 | D:2      | 1436 ||| READING scroll of identify.
  1436 | D:2      | 1436 ||| IDENTIFYING silvery potion
  1437 | D:2      | 1437 ||| READING scroll labelled FOEKEO BANEK.
  1437 | D:2      | 1437 ||| BRANDING +0 shortbow.
  1438 | D:2      | 1438 ||| READING scroll labelled ZOWANL HAFF.
  1438 | D:2      | 1438 ||| ENCHANTING +0 shortbow of draining.
  1462 | D:3      | 1462 ||| STAIRDANCE
  1472 | D:3      | 1472 ||| STAIRDANCE
  1476 | D:2      | 1476 ||| FLEEEEING.
  1548 | D:3      | Reached XP level 5. HP: 35/40 MP: 0/0
  1548 | D:3      | Learned a level 2 spell: Call Imp
  1552 | D:3      | 1552 ||| FLEEEEING.
  1643 | D:3      | 1643 ||| FLEEEEING.
  1806 | D:3      | Found Puryt's Jewellery Boutique.
  1819 | D:3      | 1819 ||| SHOPLISTING amulet of reflection (360 gold, have
                  | 165).
  1819 | D:3      | 1819 ||| SHOPLISTING amulet of regeneration (360 gold, have
                  | 165).
  1819 | D:3      | 1819 ||| SHOPLISTING amulet of the acrobat (360 gold, have
                  | 165).
  1819 | D:3      | 1819 ||| SHOPLISTING ring of positive energy (240 gold,
                  | have 165).
  1996 | D:3      | Found a snail-covered altar of Cheibriados.
  2031 | D:3      | Reached skill level 5 in Ranged Weapons
  2232 | D:3      | 2232 ||| DROPPING ring of wizardry.
  2233 | D:3      | 2233 ||| READING scroll of identify.
  2233 | D:3      | 2233 ||| IDENTIFYING puce potion
  2234 | D:3      | 2234 ||| DRINKING 2 white potions.
  2235 | D:3      | 2235 ||| DROPPING potion of ambrosia.
  2328 | D:4      | 2328 ||| RETREEEEATING.
  2329 | D:4      | 2329 ||| RETREEEEATING.
  2330 | D:4      | 2330 ||| RETREEEEATING.
  2331 | D:4      | 2331 ||| RETREEEEATING.
  2334 | D:4      | HP: 10/40 [gnoll bouda/+0 club (1)]
  2336 | D:4      | Reached XP level 6. HP: 6/46 MP: 0/0
  2336 | D:4      | HP: 3/46 [gnoll/+0 spear[a gnoll bouda] (3)]
  2337 | D:4      | Slain by a gnoll

Levels and vault maps discovered:
D:1:      eino_arrival_water_cross, layout_basic,
          hellmonk_ecumenical_altar_blasted, kennysheep_pointless_box
D:2:      layout_basic
D:3:      layout_basic, chei_slow_surprise, serial_shops, nicolae_shop_trees
D:4:      layout_basic, ebering_ghost_reflecting_pool, nicolae_underground_beach

Skill      XL: |  1  2  3  4  5 |
---------------+----------------+-----
Ranged Weapons | 4 5 |  5.0
Armour         | 1 |  1.0
Fighting       | 3 |  3.0
Dodging        | |  2.9
Stealth        | |  0.7

Action                     |  1- 3 |  4- 6 || total
---------------------------+-------+-------++-------
   Fire: Shortbow          |   106 |   124 ||   230
    Use: Scroll            |     6 |     4 ||    10
         Potion            |       |     1 ||     1
 Armour: Leather armour    |     8 |       ||     8
         Ring mail         |     5 |    56 ||    61
  Dodge: Dodged            |    20 |    48 ||    68

Table legend:
 A = Non-vault XP
 B = Vault XP
 C = Vault XP percentage of total XP
 D = Non-vault monster count
 E = Vault monster count
 F = Vault count percentage of total count
                 A         B        C        D         E       F
            +---------+---------+-------+---------+---------+-------
      Total |     303 |       0 |   0.0 |      77 |       0 |   0.0
            +---------+---------+-------+---------+---------+-------
        D:1 |      40 |       0 |   0.0 |      23 |       0 |   0.0
        D:2 |      77 |       0 |   0.0 |      26 |       0 |   0.0
        D:3 |     141 |       0 |   0.0 |      23 |       0 |   0.0
        D:4 |      45 |       0 |   0.0 |       5 |       0 |   0.0
            +---------+---------+-------+---------+---------+-------
